[Event "Titled Tuesday Blitz May 9 Late 2023"]
[White "Averjanov, Alexey"]
[Black "Chigaev, Maksim"]
[WhiteFideId "14109867"]
[BlackFideId "4108116"]
[WhiteElo "2703"]
[BlackElo "2558"]
[Result "0-1"]
[Round "05"]
[TimeControl "180+2"]
[Date "2023.05.09"]
[WhiteClock "0:00:25"]
[BlackClock "0:00:19"]

1. d4 Nf6 2. c4 g6 3. Nc3 Bg7 4. e4 d6 5. Be2 O-O 6. Nf3 e5 7. O-O exd4 8. Nxd4 Re8 9. f3 c6 10. Nc2 Na6 11. Kh1 h6 12. Bf4 d5 13. cxd5 cxd5 14. Bb5 Bd7 15. Bxd7 Qxd7 16. exd5 Rad8 17. d6 Nh5 18. Bg3 Nxg3+ 19. hxg3 Re6 20. Re1 Rxd6 21. Qe2 Rd2 22. Qe4 Nc5 23. Qc4 Nd3 24. Ne4 Nxe1 25. Rxe1 Rc8 26. Nxd2 Rxc4 27. Nxc4 Qc7 28. b3 b5 29. N4e3 Qxg3 30. Rd1 Be5 31. Kg1 h5 32. Rd8+ Kg7 33. Rd5 a6 34. Nf1 Qf4 35. Nce3 Bc7 36. Rd2 Bb6 37. Kf2 h4 38. Ke2 Bxe3 39. Nxe3 h3 40. gxh3 Qh2+ 41. Kd3 Qxh3 42. Ke2 a5 43. Rd5 Qh2+ 44. Kd3 Qxa2 45. Rxb5 a4 46. bxa4 Qxa4 47. Rd5 Qa2 48. Rd4 Qf2 49. f4 f5 50. Nd5 Kh6 51. Kc4 Kh5 52. Kc5 Kh4 53. Ne7 Qg1 54. Nd5 Kg4 55. Kc4 Qc1+ 56. Kd3 Kf3 57. Nb4 Qc5 58. Nd5 Qc6 59. Nb4 Qb5+ 60. Kc3 Qa5 61. Kc4 Qc7+ 62. Kd3 Qb7 63. Kc4 Kg4 64. Nd5 Qa6+ 65. Kc3 Qc6+ 66. Kd3 Qc1 67. Nb4 g5 68. fxg5+ Kxg5 69. Nd5 Qc5 70. Nf4 Qb5+ 71. Ke3 Qb3+ 72. Nd3 Qe6+ 73. Kf3 Qc6+ 74. Ke3 Qb6 75. Ne5 Qe6 76. Kf3 Qxe5 77. Rd2 Qf4+ 78. Ke2 Qxd2+ 79. Kxd2 Kf4 80. Ke2 Kg3 81. Kf1 Kf3 82. Ke1 Kg2 83. Ke2 f4 84. Ke1 f3 85. Kd2 f2 86. Ke3 f1=Q 87. Ke4 Qf3+ 88. Kd4 Qf4+ 89. Kd3 Kf3 90. Kc3 Qe4 91. Kd2 Qd4+ 92. Kc2 Ke3 93. Kb3 Qc5 94. Kb2 Qc4 95. Ka3 Qb5 96. Ka2 Kd3 97. Ka1 Kc3 98. Ka2 Qb2# 0-1


[Site "https://www.chess.com"]

[Event "Titled Tuesday Blitz May 9 Late 2023"]
[White "Mihajlov, Sebastian"]
[Black "Tari, Aryan"]
[WhiteFideId "1512110"]
[BlackFideId "1510045"]
[WhiteElo "2478"]
[BlackElo "2571"]
[Result "0-1"]
[Round "05"]
[TimeControl "180+2"]
[Date "2023.05.09"]
[WhiteClock "0:00:03"]
[BlackClock "0:01:07"]

1. e4 c6 2. d4 d5 3. exd5 cxd5 4. Bd3 Nf6 5. c3 Bg4 6. Qb3 Qc7 7. h3 Bh5 8. Ne2 Bxe2 9. Bxe2 e6 10. Nd2 Bd6 11. Nf3 O-O 12. O-O Nbd7 13. Be3 a6 14. a4 Rfc8 15. a5 Rab8 16. Rfc1 Bf4 17. Bxf4 Qxf4 18. Bd3 Ne4 19. Bxe4 dxe4 20. Nh2 e3 21. fxe3 Qxe3+ 22. Kh1 Nf6 23. Re1 Qf4 24. Rf1 Qd6 25. Rae1 b6 26. axb6 Rxb6 27. Qa2 Nh5 28. Kg1 Nf4 29. Nf3 Qb8 30. Rb1 Nd3 31. Ng5 Qg3 32. Ne4 Qe3+ 33. Nf2 Nf4 34. Kh2 Ne2 35. Ng4 Qg3+ 36. Kh1 Nf4 37. Rf2 h5 38. Qa5 hxg4 39. Qxb6 Qxf2 40. Qxa6 Qxg2# 0-1


[Site "https://www.chess.com"]

[Event "Titled Tuesday Blitz May 9 Late 2023"]
[White "Tatarinov, Dmitry"]
[Black "Kamsky, Gata"]
[WhiteFideId "24160067"]
[BlackFideId "2000024"]
[WhiteElo "2326"]
[BlackElo "2660"]
[Result "0-1"]
[Round "05"]
[TimeControl "180+2"]
[Date "2023.05.09"]
[WhiteClock "0:00:04"]
[BlackClock "0:00:25"]

1. d4 Nf6 2. Bf4 d6 3. Nc3 Nbd7 4. Nf3 Nh5 5. e3 Nxf4 6. exf4 g6 7. h4 Nf6 8. Bd3 Bg7 9. O-O O-O 10. Re1 Bg4 11. Nb1 Nd5 12. c3 Nxf4 13. Bf1 e5 14. dxe5 dxe5 15. Nbd2 c6 16. Qb3 Qc7 17. g3 Nd5 18. Bg2 Rad8 19. a4 a5 20. Nc4 Rfe8 21. Ng5 h6 22. Ne4 b6 23. Ned2 Rb8 24. Nf1 Be6 25. Qc2 f5 26. Rad1 e4 27. Nfe3 b5 28. axb5 Nxe3 29. Nxe3 cxb5 30. Nd5 Qf7 31. Nf4 Bb3 32. Qc1 g5 33. hxg5 hxg5 34. Nh3 Bxd1 35. Nxg5 Qg6 36. Rxd1 Bh6 37. f4 exf3 38. Bxf3 Qxg5 39. Bd5+ Kh8 40. Qxg5 Bxg5 41. Kg2 Rbd8 42. Rh1+ 0-1


[Site "https://www.chess.com"]

[Event "Titled Tuesday Blitz May 9 Late 2023"]
[White "Matinian, Nikita"]
[Black "Salinas Herrera, Pablo"]
[WhiteFideId "24129100"]
[BlackFideId "3407128"]
[WhiteElo "2422"]
[BlackElo "2546"]
[Result "0-1"]
[Round "05"]
[TimeControl "180+2"]
[Date "2023.05.09"]
[WhiteClock "0:00:04"]
[BlackClock "0:00:18"]

1. e4 e5 2. Nf3 Nc6 3. Bb5 a6 4. Ba4 Nf6 5. O-O Be7 6. d3 d6 7. c3 O-O 8. Re1 h6 9. Nbd2 Re8 10. Nf1 Bf8 11. Ng3 b5 12. Bc2 Bd7 13. d4 a5 14. h3 a4 15. a3 Na5 16. Nf5 Bxf5 17. exf5 e4 18. Nh2 d5 19. g4 Nc4 20. h4 Nh7 21. g5 hxg5 22. hxg5 Nxg5 23. Qh5 Nh7 24. Kg2 Ra6 25. Rh1 g6 26. fxg6 Rxg6+ 27. Ng4 Rg7 28. Kf1 Re6 29. Nh6+ Rxh6 30. Bxh6 Nf6 31. Qh3 Rg6 32. Bxf8 Kxf8 33. Qf5 Ke7 34. b3 Nd2+ 35. Ke2 Nf3 36. bxa4 Qd6 37. axb5 Rg5 38. Qc8 Rg8 39. Qb7 Qf4 40. Rad1 Rg2 41. b6 Ng1+ 42. Rdxg1 Qxf2+ 43. Kd1 Qd2# 0-1


[Site "https://www.chess.com"]

[Event "Titled Tuesday Blitz May 9 Late 2023"]
[White "Xiong, Jeffery"]
[Black "Seemann, Jakub"]
[WhiteFideId "2047640"]
[BlackFideId "21874697"]
[WhiteElo "2726"]
[BlackElo "2364"]
[Result "1-0"]
[Round "05"]
[TimeControl "180+2"]
[Date "2023.05.09"]
[WhiteClock "0:01:50"]
[BlackClock "0:00:00"]

1. e4 c6 2. Nf3 d5 3. d3 g6 4. e5 Bg7 5. d4 f6 6. Bf4 Nd7 7. exf6 Ngxf6 8. Bd3 O-O 9. O-O Ne4 10. Be3 e5 11. dxe5 Nxe5 12. Bxe4 dxe4 13. Nxe5 Bxe5 14. Qxd8 Rxd8 15. Nc3 Bf5 16. h3 h5 17. Rfd1 b6 18. a4 Rxd1+ 19. Rxd1 Kf7 20. Ra1 a5 21. Bxb6 Rb8 22. Bxa5 Rxb2 23. Rc1 Bf4 24. Rb1 Rxc2 25. Nd1 e3 26. Nxe3 Bxe3 27. fxe3 Rxg2+ 28. Kxg2 Bxb1 29. Bd8 Bd3 30. Kf3 Ke6 31. e4 Kd7 32. Bg5 Ke6 33. Ke3 Bf1 34. h4 c5 35. a5 Kd6 36. Bd8 Ke6 37. Bb6 Kd6 38. Kf4 Bd3 39. e5+ Ke6 40. Bxc5 Kd5 41. Be7 Ke6 42. Bf6 Kd5 43. Ke3 Ba6 44. Kd2 Bf1 45. Kc3 Be2 46. Kb4 Kc6 47. e6 Kd6 48. e7 Kd7 49. Kc5 Bf3 50. Kb6 Bc6 51. Ka7 Bf3 52. Kb8 Be2 53. Kb7 Bf3+ 54. Kb6 Bc6 55. Bg5 Bf3 56. a6 1-0


[Site "https://www.chess.com"]

[Event "Titled Tuesday Blitz May 9 Late 2023"]
[White "Arabidze, Meri"]
[Black "Rodshtein, Maxim"]
[WhiteFideId "13604040"]
[BlackFideId "2806851"]
[WhiteElo "2405"]
[BlackElo "2555"]
[Result "1/2-1/2"]
[Round "05"]
[TimeControl "180+2"]
[Date "2023.05.09"]
[WhiteClock "0:00:04"]
[BlackClock "0:00:06"]

1. Nf3 g6 2. d4 Bg7 3. g3 c5 4. d5 d6 5. Bg2 Nf6 6. O-O b5 7. a4 b4 8. Re1 O-O 9. e4 Bg4 10. Nbd2 Nbd7 11. Nc4 Nb6 12. Na5 Qc7 13. Nc6 Rfe8 14. h3 Bxf3 15. Bxf3 Nfd7 16. Bg2 Nc4 17. Ra2 Nde5 18. Nxe5 Nxe5 19. b3 c4 20. f4 Nd7 21. Be3 a6 22. Bf1 cxb3 23. cxb3 Rec8 24. Bc4 Bc3 25. Rf1 Qa5 26. Raf2 Rc7 27. Kg2 Rac8 28. Bd3 Bg7 29. Qe2 Rc3 30. Bc4 R8xc4 31. bxc4 Qxa4 32. e5 Qb3 33. Re1 dxe5 34. fxe5 Bxe5 35. Qf3 Bf6 36. Qg4 Ne5 37. Qc8+ Kg7 38. Bf4 Nxc4 39. Qe8 Ne3+ 40. Bxe3 Rxe3 41. Rxe3 Qxe3 42. d6 Qe4+ 43. Kh2 Qd4 44. Rxf6 Qd2+ 45. Kh1 exf6 46. d7 Qd5+ 47. Kh2 Qd2+ 48. Kh1 Qd1+ 49. Kh2 Qd2+ 50. Kh1 1/2-1/2


[Site "https://www.chess.com"]

[Event "Titled Tuesday Blitz May 9 Late 2023"]
[White "Volkov, Maksim"]
[Black "Bachmann, Axel"]
[WhiteFideId "54123070"]
[BlackFideId "3700488"]
[WhiteElo "2297"]
[BlackElo "2605"]
[Result "0-1"]
[Round "05"]
[TimeControl "180+2"]
[Date "2023.05.09"]
[WhiteClock "0:00:08"]
[BlackClock "0:01:22"]

1. d4 Nf6 2. c4 e6 3. g3 Bb4+ 4. Bd2 a5 5. Bg2 O-O 6. Nf3 d5 7. Qc2 c5 8. dxc5 d4 9. Bxb4 axb4 10. Ne5 Qc7 11. Nd3 Na6 12. Nd2 e5 13. O-O Bf5 14. Nb3 Rad8 15. Qd2 e4 16. Nxb4 Nxc5 17. Nxd4 Qe5 18. e3 h5 19. Qc3 h4 20. Nxf5 Qxf5 21. Nc2 Rd3 22. Nd4 Qh5 23. Qa5 hxg3 24. hxg3 Ng4 25. Rfe1 b6 26. Qxb6 Ne6 27. Ne2 Ng5 28. Nf4 Qh2+ 29. Kf1 Rd2 30. Re2 Nf3 31. Rxd2 Qg1+ 32. Ke2 Qxf2+ 0-1


[Site "https://www.chess.com"]

[Event "Titled Tuesday Blitz May 9 Late 2023"]
[White "Jaracz, Pawel"]
[Black "Ohanyan, Emin"]
[WhiteFideId "1102222"]
[BlackFideId "13312022"]
[WhiteElo "2438"]
[BlackElo "2411"]
[Result "1-0"]
[Round "05"]
[TimeControl "180+2"]
[Date "2023.05.09"]
[WhiteClock "0:02:10"]
[BlackClock "0:00:48"]

1. e4 e5 2. Nf3 Nc6 3. Bc4 Nf6 4. d3 d5 5. exd5 Nxd5 6. Nbd2 Be6 7. Ne4 f6 8. O-O Be7 9. d4 exd4 10. Nxd4 Nxd4 11. Qxd4 O-O 12. Rd1 c6 13. Nc3 Nc7 14. Qe4 Qc8 15. Re1 Kf7 16. Bf4 f5 17. Qxf5+ Ke8 18. Qe4 1-0


[Site "https://www.chess.com"]

[Event "Titled Tuesday Blitz May 9 Late 2023"]
[White "Riehle, Marco"]
[Black "Annaberdiyev, Meylis"]
[WhiteFideId "12904392"]
[BlackFideId "14000563"]
[WhiteElo "2462"]
[BlackElo "2416"]
[Result "0-1"]
[Round "05"]
[TimeControl "180+2"]
[Date "2023.05.09"]
[WhiteClock "0:02:30"]
[BlackClock "0:02:27"]

1. e4 c5 2. a3 g6 3. h4 h5 4. Nc3 Bg7 5. Bc4 Nc6 6. d3 d6 7. Nf3 Bg4 8. Bg5 Nf6 9. Qd2 Bxf3 10. gxf3 Nd4 11. O-O Nxf3+ 0-1


[Site "https://www.chess.com"]

[Event "Titled Tuesday Blitz May 9 Late 2023"]
[White "Kobo, Ori"]
[Black "Lewicki, Miroslaw"]
[WhiteFideId "2812320"]
[BlackFideId "1113380"]
[WhiteElo "2454"]
[BlackElo "2212"]
[Result "1-0"]
[Round "05"]
[TimeControl "180+2"]
[Date "2023.05.09"]
[WhiteClock "0:00:08"]
[BlackClock "0:00:02"]

1. Nf3 c5 2. c4 Nf6 3. Nc3 e6 4. d4 cxd4 5. Nxd4 Nc6 6. g3 Bc5 7. Nb3 Be7 8. Bg2 O-O 9. O-O d6 10. Bf4 a6 11. Rc1 h6 12. h3 d5 13. cxd5 exd5 14. Nd4 Qb6 15. Nxc6 bxc6 16. Na4 Qb5 17. Be3 Bf5 18. b3 Ba3 19. Ra1 Rfe8 20. Nc3 Qb7 21. Qd2 Rad8 22. Bd4 Ne4 23. Nxe4 dxe4 24. Qe3 Qd7 25. Bb6 Rb8 26. Rad1 Qe6 27. Kh2 Qg6 28. Rd2 Be6 29. Rfd1 Bd5 30. Bd4 Bd6 31. Kg1 f5 32. Bc5 f4 33. gxf4 Bxc5 34. Qxc5 e3 35. Rxd5 exf2+ 36. Qxf2 cxd5 37. Rxd5 Kh8 38. Kh2 Rbc8 39. Bf3 Qf6 40. Qd4 Qf7 41. Rd6 Re6 42. Rxe6 Qxe6 43. Bg4 Qe8 44. Bxc8 Qxe2+ 45. Kg1 Qe1+ 46. Kg2 Qe2+ 47. Qf2 Qe4+ 48. Kh2 Qc6 49. Bg4 g6 50. Bf3 Qd6 51. Bg2 h5 52. Qb2+ Kh7 53. Qe5 Qd2 54. Qe7+ Kh6 55. Qg5+ Kg7 56. Qe7+ Kh6 57. Qf8+ Kh7 58. Qf7+ Kh6 59. Qc7 a5 60. Qe5 Kh7 61. Qe7+ Kh6 62. Qg5+ Kg7 63. a4 Qe3 64. Qg3 Qd4 65. h4 Kh6 66. Qg5+ Kh7 67. Qe7+ Kh6 68. Qe5 Qf2 69. Qh8# 1-0


[Site "https://www.chess.com"]

[Event "Titled Tuesday Blitz May 9 Late 2023"]
[White "Sattarov, Bobir"]
[Black "Rosen, Eric"]
[WhiteFideId "14203081"]
[BlackFideId "2032562"]
[WhiteElo "2351"]
[BlackElo "2331"]
[Result "1-0"]
[Round "05"]
[TimeControl "180+2"]
[Date "2023.05.09"]
[WhiteClock "0:00:59"]
[BlackClock "0:00:02"]

1. e4 c5 2. Nc3 e6 3. Nge2 Nc6 4. g3 Nf6 5. Bg2 a6 6. O-O Be7 7. d4 cxd4 8. Nxd4 Nxd4 9. Qxd4 d6 10. Rd1 Qc7 11. b3 O-O 12. Bb2 e5 13. Qd3 Be6 14. a4 Rac8 15. Rac1 Qc5 16. h3 h6 17. Rd2 Rfd8 18. Rcd1 Bf8 19. Nb1 Qc6 20. c4 b5 21. cxb5 axb5 22. axb5 Qd7 23. Kh2 Rb8 24. Na3 h5 25. f4 Qa7 26. fxe5 dxe5 27. Qxd8 Rxd8 28. Rxd8 Kh7 29. Rxf8 Qf2 30. Bxe5 Nxe4 31. Rf1 Qa2 32. Nc4 Bd5 33. Ne3 Nd2 34. Ra1 Nf3+ 35. Kh1 Qf2 36. Nxd5 Ne1 37. Be4+ Kh6 38. Rh8+ Kg5 39. Bf4+ Qxf4 40. gxf4+ Kh4 41. Rxe1 f5 42. Bxf5 g6 43. Rg1 gxf5 44. Ne3 Kxh3 45. Nxf5 h4 46. Rg3# 1-0


[Site "https://www.chess.com"]

[Event "Titled Tuesday Blitz May 9 Late 2023"]
[White "benny_aizenberg"]
[Black "Kravtsiv, Martyn"]
[BlackFideId "14113147"]
[WhiteElo "2642"]
[BlackElo "2695"]
[Result "1-0"]
[Round "05"]
[TimeControl "180+2"]
[Date "2023.05.09"]
[WhiteClock "0:00:08"]
[BlackClock "0:00:00"]

1. e4 e5 2. Nf3 Nc6 3. d4 exd4 4. Nxd4 Nf6 5. Nxc6 bxc6 6. e5 Qe7 7. Qe2 Nd5 8. h4 Qe6 9. Nd2 a5 10. g3 Ba6 11. Qe4 Bxf1 12. Kxf1 Be7 13. c4 Nb6 14. b3 Bb4 15. Nf3 d5 16. cxd5 cxd5 17. Qe3 c5 18. Ng5 Qf5 19. e6 fxe6 20. Nxe6 Kd7 21. Nxc5+ Bxc5 22. Qxc5 Qe4 23. Kg1 Qe6 24. Be3 Rab8 25. Qxa5 Rhc8 26. Qa7+ Ke8 27. Re1 Nd7 28. Bd2 Ne5 29. Kg2 d4 30. Qxd4 Rb5 31. Bf4 Rcc5 32. Re4 Kf7 33. Rhe1 Qc6 34. Bxe5 Rxe5 35. Kh2 Rbd5 36. Rf4+ Kg6 37. Qxe5 Rxe5 38. Rxe5 h6 39. h5+ Kh7 40. a4 Qc2 41. Re3 Qd1 42. Rf5 1-0


[Site "https://www.chess.com"]

[Event "Titled Tuesday Blitz May 9 Late 2023"]
[White "Hambleton, Aman"]
[Black "Hjartarson, Johann"]
[WhiteFideId "2606577"]
[BlackFideId "2300044"]
[WhiteElo "2511"]
[BlackElo "2407"]
[Result "0-1"]
[Round "05"]
[TimeControl "180+2"]
[Date "2023.05.09"]
[WhiteClock "0:00:00"]
[BlackClock "0:00:20"]

1. d4 Nf6 2. Bf4 g6 3. Nc3 d5 4. e3 a6 5. h4 c5 6. h5 cxd4 7. exd4 Nxh5 8. Rxh5 gxh5 9. Qxh5 e6 10. Be5 Rg8 11. Qxh7 Qg5 12. Nf3 Qg6 13. Bd3 Qxh7 14. Bxh7 Rxg2 15. Kf1 Rg4 16. Re1 Nc6 17. Bg3 Nxd4 18. Ne5 Rg7 19. Bd3 Bb4 20. a3 Bxc3 21. bxc3 Nc6 22. Nf3 Bd7 23. c4 dxc4 24. Bxc4 O-O-O 25. Bd3 f6 26. Ke2 Rh8 27. Nd2 e5 28. Ne4 Nd4+ 29. Kd2 Nf3+ 30. Ke2 Nxe1 31. Kxe1 f5 32. Nd6+ Kc7 33. Nxf5 Bxf5 34. Bxe5+ Kc6 35. Bxg7 Rh1+ 36. Kd2 Bxd3 37. cxd3 Kd5 38. Bc3 b5 39. Ke3 Rb1 40. f4 Rb3 41. Bb4 a5 42. Bxa5 Rxa3 43. Bb4 Ra4 44. Bf8 b4 45. f5 b3 46. Bg7 Ra2 47. f6 b2 48. f7 b1=Q 49. f8=Q Qe1+ 50. Kf4 Rf2+ 51. Kg5 Rxf8 52. Bxf8 Kd4 53. Bg7+ Kxd3 54. Kg6 Ke4 55. Bc3 Qxc3 0-1


[Site "https://www.chess.com"]

[Event "Titled Tuesday Blitz May 9 Late 2023"]
[White "Sochacki, Christophe"]
[Black "Remizov, Yaroslav"]
[WhiteFideId "662569"]
[BlackFideId "34134015"]
[WhiteElo "2501"]
[BlackElo "2400"]
[Result "0-1"]
[Round "05"]
[TimeControl "180+2"]
[Date "2023.05.09"]
[WhiteClock "0:00:02"]
[BlackClock "0:00:39"]

1. b3 d5 2. Nf3 Nf6 3. Bb2 Bf5 4. g3 e6 5. Bg2 h6 6. d3 Nbd7 7. O-O Be7 8. Nbd2 O-O 9. Qe1 Bh7 10. e4 dxe4 11. Nxe4 Nd5 12. Kh1 a5 13. a3 c5 14. c4 N5f6 15. Qc3 Nb8 16. Ne5 Nxe4 17. dxe4 Bf6 18. Qe3 Qb6 19. Rfd1 Qc7 20. f4 a4 21. b4 cxb4 22. axb4 Bxe5 23. Bxe5 Qxc4 24. Rdc1 Qxb4 25. Rcb1 Qe7 26. Bc3 Nc6 27. Rb2 a3 28. Rba2 b5 29. e5 Rfc8 30. Be1 b4 31. Bxc6 Rxc6 32. Qf3 Rac8 33. Kg1 Rc4 34. Qb3 Be4 35. Rd1 Ba8 36. Bf2 Qb7 37. Kf1 Qh1+ 38. Ke2 Bf3+ 39. Qxf3 Rc2+ 40. Rxc2 Rxc2+ 41. Ke3 Rc3+ 42. Rd3 Rxd3+ 43. Kxd3 0-1


[Site "https://www.chess.com"]

[Event "Titled Tuesday Blitz May 9 Late 2023"]
[White "Sieciechowicz, Marcin"]
[Black "Lenaerts, Lennert"]
[WhiteFideId "1130170"]
[BlackFideId "211435"]
[WhiteElo "2302"]
[BlackElo "2334"]
[Result "1/2-1/2"]
[Round "05"]
[TimeControl "180+2"]
[Date "2023.05.09"]
[WhiteClock "0:00:05"]
[BlackClock "0:00:21"]

1. d4 d5 2. Bf4 Nf6 3. e3 e6 4. Nf3 c5 5. c3 Bd6 6. Bg3 O-O 7. Bd3 b6 8. Qe2 Bb7 9. Nbd2 Ne4 10. O-O Bxg3 11. hxg3 Nd7 12. Rfd1 Qe7 13. Ba6 Bxa6 14. Qxa6 Nxd2 15. Rxd2 Rfd8 16. Rad1 cxd4 17. Rxd4 Nc5 18. Qa3 Qc7 19. Qb4 Rac8 20. Qb5 h6 21. Qe2 Ne4 22. c4 Nf6 23. cxd5 Rxd5 24. Rxd5 Nxd5 25. Nd4 Qc4 26. Qd2 Nf6 27. b3 Qd5 28. Rc1 Rxc1+ 29. Qxc1 Qa5 30. Qc8+ Kh7 31. Qc2+ g6 32. Nf3 Qd5 33. Kf1 Ne4 34. Nd4 e5 35. Nf3 Kg7 36. Kg1 b5 37. g4 b4 38. Qc7 Qd1+ 39. Kh2 Nxf2 40. Qxe5+ Kh7 41. Qf4 Qd5 42. Qxb4 h5 43. gxh5 gxh5 44. Qd4 Ng4+ 45. Kg3 Qf5 46. Qf4 Qd5 47. Qg5 Qxg5 48. Nxg5+ Kg6 49. Kf4 Nxe3 50. Kxe3 Kxg5 51. b4 Kg4 52. Kf2 Kf4 53. b5 Ke4 54. a4 Kd5 55. a5 Kc5 56. b6 axb6 57. axb6 Kxb6 58. Kf3 Kc5 59. Kf4 Kd4 60. Kg5 Ke3 61. Kxh5 Kf2 62. Kg5 Kxg2 63. Kf6 Kf3 64. Kxf7 1/2-1/2


[Site "https://www.chess.com"]

[Event "Titled Tuesday Blitz May 9 Late 2023"]
[White "Fernandez Guillen, Ernesto J."]
[Black "Kourkoulos-Arditis, Stamatis"]
[WhiteFideId "3512428"]
[BlackFideId "4221990"]
[WhiteElo "2429"]
[BlackElo "2400"]
[Result "1-0"]
[Round "05"]
[TimeControl "180+2"]
[Date "2023.05.09"]
[WhiteClock "0:00:14"]
[BlackClock "0:00:23"]

1. e4 c5 2. Nf3 e6 3. d4 cxd4 4. Nxd4 Nf6 5. Nc3 d6 6. Bc4 Be7 7. Be3 O-O 8. Rg1 Nc6 9. g4 d5 10. exd5 exd5 11. Bb3 Bb4 12. a3 Bxc3+ 13. bxc3 Re8 14. g5 Ne4 15. Qh5 Qa5 16. Kf1 g6 17. Qh6 Qxc3 18. Rd1 Nxd4 19. Rxd4 Nxf2 20. Rh4 Bh3+ 21. Rg2 Bxg2+ 22. Kxg2 Rxe3 23. Qxh7+ Kf8 24. Qh8+ Qxh8 25. Rxh8+ Kg7 26. Rxa8 Nh3 27. Rxa7 Nxg5 28. Rxb7 d4 29. a4 d3 30. cxd3 Rxd3 31. a5 Rd5 32. Bxd5 1-0


[Site "https://www.chess.com"]

[Event "Titled Tuesday Blitz May 9 Late 2023"]
[White "Holt, Conrad"]
[Black "Mortazavi, Ali"]
[WhiteFideId "2034387"]
[BlackFideId "401323"]
[WhiteElo "2592"]
[BlackElo "2339"]
[Result "1-0"]
[Round "05"]
[TimeControl "180+2"]
[Date "2023.05.09"]
[WhiteClock "0:00:10"]
[BlackClock "0:00:00"]

1. d4 Nf6 2. c4 c5 3. d5 g6 4. Nc3 Bg7 5. e4 O-O 6. Nf3 d6 7. h3 e6 8. Bd3 Na6 9. O-O Nc7 10. dxe6 Nxe6 11. Re1 a6 12. Bc2 Rb8 13. Ba4 Nh5 14. Be3 Qb6 15. Nd5 Qd8 16. Qe2 Nd4 17. Bxd4 cxd4 18. Rad1 Be6 19. Nxd4 Bxd5 20. exd5 Qb6 21. Nb3 Rbd8 22. Qd2 Qc7 23. Rc1 b6 24. Nd4 a5 25. Nc6 Rde8 26. a3 h6 27. Bb5 Kh7 28. b4 axb4 29. axb4 Ra8 30. Re7 Qc8 31. Qe3 Ra2 32. c5 bxc5 33. bxc5 dxc5 34. d6 Qf5 35. g4 Qf4 36. gxh5 Qxd6 37. hxg6+ fxg6 38. Qe5 Qxe5 39. Nxe5 Rfxf2 40. Bf1 h5 41. Rxc5 Kh6 42. Rc6 Bf6 43. Nf7+ Kg7 44. Rd7 Rfc2 45. Ne5+ Kh6 46. Rxf6 1-0


[Site "https://www.chess.com"]

[Event "Titled Tuesday Blitz May 9 Late 2023"]
[White "Defend1r"]
[Black "Milikow, Yoav"]
[BlackFideId "2822237"]
[WhiteElo "2558"]
[BlackElo "2410"]
[Result "0-1"]
[Round "05"]
[TimeControl "180+2"]
[Date "2023.05.09"]
[WhiteClock "0:00:28"]
[BlackClock "0:00:25"]

1. e4 e5 2. Nf3 Nf6 3. Nxe5 d6 4. Nf3 Nxe4 5. Nc3 Nxc3 6. dxc3 Be7 7. Be3 O-O 8. Qd2 Nd7 9. O-O-O Nf6 10. Bd3 Re8 11. h3 d5 12. c4 c6 13. Bg5 Be6 14. Nd4 Bd7 15. cxd5 cxd5 16. Nf5 Bf8 17. Qf4 Qb6 18. Nh6+ gxh6 19. Bxf6 Bg7 20. Bxg7 Kxg7 21. Rhe1 Rac8 22. Qg3+ Kh8 23. Qf3 Kg7 24. Rxe8 Rxe8 25. Qxd5 Bc8 26. Qf3 Re5 27. Qg3+ Rg5 28. Qf3 Be6 29. a3 Bd5 30. Qf4 Qf6 31. Qxf6+ Kxf6 32. g4 Bg2 33. f4 Rg7 34. Rg1 Bxh3 35. Rh1 Bxg4 36. Rxh6+ Ke7 37. Rxh7 Rg8 38. Rh6 Be6 39. Kd2 Rg2+ 40. Kc3 Rf2 41. Rh4 Kd6 42. Kd4 b6 43. Ke3 Rg2 44. Rh6 Ke7 45. f5 Bd7 46. Kf4 Rf2+ 47. Ke5 Ba4 48. f6+ Kd7 49. Rh7 Ke8 50. Rh8+ Kd7 51. Bf5+ Kc7 52. Rc8+ Kb7 53. Rf8 Re2+ 54. Kf4 Rf2+ 55. Kg5 Rg2+ 56. Kh4 Rh2+ 57. Kg3 Rd2 58. Rxf7+ Kc6 59. Re7 Kd6 60. Rd7+ Bxd7 61. Bxd7 Kxd7 62. c4 Ke6 63. Kf4 Kxf6 64. Ke4 Rxb2 65. Kd5 Ke7 66. c5 bxc5 67. Kxc5 Kd7 68. a4 Kc7 69. a5 Kb7 70. Kc4 Ka6 71. Kc3 Rb5 72. Kc4 Kxa5 73. Kc3 Kb6 74. Kc4 a6 75. Kc3 Kb7 76. Kc4 Kb8 77. Kc3 Kc7 78. Kc4 Kc6 79. Kc3 Kc5 80. Kd3 a5 81. Ke3 Kb6 82. Ke4 Rb4+ 83. Kd3 Kb5 84. Kc3 a4 85. Kd3 a3 86. Kc3 a2 0-1


[Site "https://www.chess.com"]

[Event "Titled Tuesday Blitz May 9 Late 2023"]
[White "Karttunen, Mika"]
[Black "Santos Ruiz, Miguel"]
[WhiteFideId "502081"]
[BlackFideId "22291482"]
[WhiteElo "2396"]
[BlackElo "2499"]
[Result "1/2-1/2"]
[Round "05"]
[TimeControl "180+2"]
[Date "2023.05.09"]
[WhiteClock "0:00:19"]
[BlackClock "0:00:21"]

1. e4 c5 2. Nf3 d6 3. d4 cxd4 4. Nxd4 Nf6 5. Nc3 a6 6. f3 e6 7. Be3 h5 8. Bc4 Nc6 9. Bb3 Qc7 10. Qe2 Be7 11. O-O-O b5 12. Nxc6 Qxc6 13. Kb1 Bb7 14. Rd4 Rc8 15. a4 O-O 16. axb5 axb5 17. Qxb5 Qc7 18. Ra4 Bc6 19. Ra7 Bxb5 20. Rxc7 Rxc7 21. Nxb5 Rb7 22. Nc3 Rfb8 23. Rd1 Nd7 24. Na4 Nc5 25. Nxc5 dxc5 26. Bf4 Rd8 27. Rxd8+ Bxd8 28. Bc4 Bc7 29. e5 Kf8 30. c3 Ke7 31. Kc2 Ra7 32. Be3 Bb6 33. b4 Rc7 34. Kb3 Kd7 35. Bb5+ Kc8 36. Ba6+ Kb8 37. Bc4 Kb7 38. b5 Rd7 39. Kc2 g6 40. h4 Rc7 41. Bg5 Ba5 42. Bd8 Bb6 43. Bxc7 Bxc7 44. f4 Kb6 45. Kb3 Bd8 46. g3 Be7 47. Ka4 Bd8 48. Kb3 Be7 49. Ka4 Bd8 50. Kb3 1/2-1/2


[Site "https://www.chess.com"]

[Event "Titled Tuesday Blitz May 9 Late 2023"]
[White "Yanchenko, Roman"]
[Black "angelgab3"]
[WhiteFideId "4137329"]
[WhiteElo "2491"]
[BlackElo "2538"]
[Result "1/2-1/2"]
[Round "05"]
[TimeControl "180+2"]
[Date "2023.05.09"]
[WhiteClock "0:00:20"]
[BlackClock "0:00:22"]

1. d4 Nf6 2. Nf3 e6 3. c4 d5 4. Nc3 dxc4 5. Bg5 b5 6. Nxb5 Bb4+ 7. Nc3 O-O 8. e3 c5 9. Bxf6 Qxf6 10. Bxc4 Rd8 11. O-O Bb7 12. a3 Ba5 13. Be2 cxd4 14. exd4 Nc6 15. b4 Bb6 16. Ne4 Qg6 17. Bd3 Nxd4 18. Ne5 Qf5 19. Nd6 Qxe5 20. Nxb7 Rd7 21. Re1 Qf6 22. Nc5 Rdd8 23. Rc1 Rac8 24. Ba6 Rc7 25. Ne4 Qf4 26. Rxc7 Qxc7 27. Qh5 h6 28. Qh4 Nf5 29. Qg4 Rd4 30. g3 Nd6 31. Qf3 Nxe4 32. Rxe4 Qc1+ 33. Kg2 Rxe4 34. Qxe4 Qxa3 35. Qa8+ Kh7 36. Qe4+ g6 37. Qf3 Qxf3+ 38. Kxf3 h5 39. h4 Kg7 40. Bb5 e5 41. Ke2 f5 42. Be8 Kf6 43. b5 Bc5 44. Kf3 Bb6 45. Kg2 Kg7 46. f3 Kh6 47. Kh3 g5 48. hxg5+ Kxg5 49. Kg2 h4 50. gxh4+ Kxh4 51. Bd7 Kg5 52. Kf1 Kf4 53. Ke2 Bc5 54. Bc8 Bb6 55. Bd7 e4 56. fxe4 fxe4 57. Bc6 Ke5 58. Bb7 Kd4 59. Ba6 e3 60. Bb7 Kc3 61. Bc6 Kb4 62. Be8 Kc5 63. Bd7 Kd6 64. Be8 Kd5 65. Bg6 Kc4 66. Be8 Kc5 67. Bd7 Kd6 68. Be8 Kc7 69. Bg6 Kd7 70. Bd3 Ke7 71. Kf3 Ke6 72. Be2 Kd5 73. Bf1 Kc5 74. Kxe3 Kb4+ 75. Ke4 1/2-1/2


[Site "https://www.chess.com"]

[Event "Titled Tuesday Blitz May 9 Late 2023"]
[White "Ezat, Mohamed"]
[Black "Klukin, Kirill"]
[WhiteFideId "10600906"]
[BlackFideId "24199273"]
[WhiteElo "2386"]
[BlackElo "2344"]
[Result "0-1"]
[Round "05"]
[TimeControl "180+2"]
[Date "2023.05.09"]
[WhiteClock "0:00:02"]
[BlackClock "0:00:06"]

1. d4 Nf6 2. c4 Nc6 3. Nf3 e6 4. a3 d6 5. Nc3 g6 6. e4 Bg7 7. Be2 O-O 8. O-O Re8 9. d5 exd5 10. exd5 Nb8 11. Bg5 h6 12. Bf4 a5 13. Qd2 Kh7 14. h3 Na6 15. Bd3 Nc5 16. Bc2 Nfe4 17. Nxe4 Nxe4 18. Bxe4 Rxe4 19. Rac1 Qf6 20. Be3 Bxh3 21. Bd4 Qxf3 22. gxf3 Rxd4 23. Qe3 Bxf1 24. Kxf1 Be5 25. Kg2 a4 26. c5 Ra5 27. cxd6 cxd6 28. Rc7 Kg7 29. Rxb7 Raxd5 30. Qc1 Rc5 31. Qf1 Rc2 32. Qb5 Rdd2 33. Qb6 Rxb2 34. Qa7 Rxb7 35. Qxb7 Bd4 36. Qb4 Rxf2+ 37. Kg3 Bc5 38. Qxa4 Ra2 39. Qe4 Rxa3 40. Kg2 Re3 41. Qd5 Re5 42. Qc4 Rg5+ 43. Kf1 Rf5 44. Ke2 h5 45. f4 Bg1 46. Kf3 Bh2 47. Qd4+ Kh7 48. Kg2 Bxf4 49. Qc4 Be5 50. Qd5 Kg7 51. Qc4 Rg5+ 52. Kh1 Rg4 53. Qd5 Rf4 54. Qc6 Rf5 55. Qd7 Bf4 56. Kg2 d5 57. Kf3 Bg5+ 58. Kg2 Bf6 59. Qd6 d4 60. Qd7 h4 61. Kh3 Rg5 62. Qd6 Rg3+ 63. Kh2 d3 64. Qd5 Re3 65. Kg2 h3+ 66. Kh1 Be5 67. Kg1 h2+ 68. Kg2 Re2+ 69. Kf3 h1=Q+ 70. Kg4 Qh5# 0-1


[Site "https://www.chess.com"]